 Dungeon Crawl Stone Soup version 0.24.0-13-gcf9b3192b9 (webtiles) character file.

Game seed: 9798835341214013143, levelgen mode: deterministic

10259 Oravi the Party-goer (level 11, -10/58 HPs)
             Began as a Vine Stalker Hunter on Nov 6, 2019.
             Was a Follower of Uskayaw.
             Mangled by a vampire (11 damage)
             ... on level 10 of the Dungeon.
             The game lasted 01:25:02 (13803 turns).

Oravi the Party-goer (Vine Stalker Hunter)         Turns: 13803, Time: 01:25:03

Health: -10/58     AC: 10    Str: 22    XL:     11   Next: 59%
Magic:  0/18       EV: 13    Int: 12    God:    Uskayaw [*.....]
Gold:   559        SH:  5    Dex: 16    Spells: 10/10 levels left

rFire    + . .     SeeInvis .   b - +6 quick blade
rCold    . . .     Gourm    .   l - +0 buckler
rNeg     . . .     Faith    .   G - +2 leather armour {rF+}
rPois    .         Spirit   +   (no helmet)
rElec    .         Reflect  .   E - +2 cloak
rCorr    .         Harm     .   w - +1 pair of gloves
MR       ++...                  (no boots)
Stlth    ++++......             X - amulet of regeneration
HPRegen  0.99/turn              V - +6 ring of strength
MPRegen  0.16/turn              k - ring of protection from magic

@: no status effects
A: fangs 3, regeneration 1, magic shield, antimagic bite, no potion heal 3, rot
immunity
a: Stomp, Renounce Religion


You were on level 10 of the Dungeon.
You worshipped Uskayaw.
Uskayaw was aware of your devotion.
You were not hungry.

You visited 2 branches of the dungeon, and saw 12 of its levels.
You also visited: Ossuary.

You collected 559 gold pieces.

Inventory:

Hand Weapons
 a - a +1 hunting sling
 b - a +6 quick blade (weapon)
 s - a +1 dagger of freezing
 U - a +1 short sword of holy wrath
Missiles
 d - 48 sling bullets
 g - 179 stones
 x - a throwing net {!f}
 C - 32 boomerangs
 T - 17 poisoned darts (quivered)
Armour
 l - a +0 buckler (worn)
 w - a +1 pair of gloves (worn)
 E - a +2 cloak (worn)
 G - a +2 leather armour of fire resistance (worn)
 P - the cursed +0 robe "Cozom" {Regen+, unknown}
   (You found it on level 6 of the Dungeon)

   It increases your rate of regeneration.
   It has a curse placed upon it.
Jewellery
 e - an uncursed ring of protection from magic
 k - a ring of protection from magic (right hand)
 v - an uncursed ring of stealth
 J - an uncursed ring of resist corrosion
 L - a +3 amulet of reflection {unknown}
 V - a +6 ring of strength (left hand)
 W - a +2 ring of dexterity
 X - an amulet of regeneration (around neck)
Wands
 y - a wand of iceblast (22)
 F - a wand of acid (9)
 M - a wand of flame (16)
Scrolls
 h - a scroll of enchant armour
 i - a scroll of immolation
 j - 4 scrolls of remove curse {@r2}
 n - a scroll of holy word {unknown}
 q - 2 scrolls of teleportation
 r - 3 scrolls of enchant weapon
 u - 3 scrolls of fear
 I - a scroll of blinking {unknown}
 N - a scroll of amnesia {unknown}
 O - a scroll of fog {unknown}
 R - 4 scrolls of magic mapping {unknown}
 S - a scroll of torment {unknown}
 Y - a scroll of random uselessness {unknown}
Potions
 c - a potion of cancellation
 m - 3 potions of might
 o - a potion of flight
 p - 7 potions of curing {@q1}
 t - 3 potions of ambrosia
 z - 3 potions of agility
 A - a potion of invisibility
 B - a potion of berserk rage {unknown}
 D - a potion of resistance
 K - a potion of brilliance
 Q - 2 potions of lignification {unknown}
 Z - a potion of magic {unknown}
Comestibles
 f - 12 rations
 H - a chunk of flesh


   Skills:
 + Level 7.0 Fighting
 * Level 7.8 Short Blades
 - Level 6.4 Slings
 - Level 3.0 Armour
 - Level 3.4 Dodging
 - Level 8.0 Stealth
 - Level 4.0 Shields
 * Level 8.6 Invocations


You had 10 spell levels left.
You didn't know any spells.
Your spell library contained the following spells:

 Spells                   Type           Power        Failure   Level  Hunger
 Beastly Appendage        Tmut           #.....       36%         1    ##.....
 Confusing Touch          Hex            #.....       36%         1    ##.....
 Sticks to Snakes         Tmut           #.......     50%         2    ###....
 Confuse                  Hex            #.......     75%         3    ####...
 Gell's Gravitas          Tloc           #.........   75%         3    ####...
 Spider Form              Tmut/Pois      #.........   75%         3    ####...
 Ice Form                 Ice/Tmut       #.......     98%         4    #####..
 Petrify                  Tmut/Erth      #.......     98%         4    #####..
 Blade Hands              Tmut           #.........   100%        5    ######.
 Metabolic Englaciation   Hex/Ice        #.........   100%        5    ######.
 Yara's Violent Unravell  Hex/Tmut       #.........   100%        5    ######.


Dungeon Overview and Level Annotations

Branches:
Dungeon (11/15)            Temple (1/1) D:4            Lair (0/6) D:8
Ossuary (visited)
    Orc: D:9-12

Altars:
Ashenzari
Cheibriados
Dithmenos
Elyvilon
Fedhas
Gozag
Hepliaklqana
Kikubaaqudgha
Makhleb
Nemelex Xobeh
Okawaru
Qazlal
Ru
Sif Muna
Trog
Uskayaw
Vehumet
Wu Jian
Xom
Yredelemnul
Zin
The Shining One

Annotations:
D:4 2 runed translucent doors, Crazy Yiuf; RandomHacker's ghost, amateur MiBe
D:7 exclusion: two-headed ogre
D:9 exclusion: ogre


Innate Abilities, Weirdness & Mutations

You have razor-sharp teeth.
Your natural rate of healing is unusually fast.
When hurt, damage is shared between your health and your magic reserves.
Your bite disrupts and absorbs the magic of your enemies.
Potions cannot restore your health.
You are immune to rotting.


Message History

There is a stone staircase leading up, spattered with blood here.
Unholy energy fills the air.
* * * LOW HITPOINT WARNING * * *
You climb upwards.
Reactivating autopickup.
You can no longer pass through a line of other dancers.
There is a stone staircase leading down here.
Okay, then.
Unknown command.
Okay, then.
You stomp with the beat, sending a shockwave through the revelers around you!
You feel somewhat more hungry.
You can no longer stomp with the beat.
Unholy energy fills the air.
* * * LOW HITPOINT WARNING * * *
You can now stomp with the beat.
Deactivating autopickup; reactivate with Ctrl-A.
You hit something but do no damage. Your bite misses something.
Something hits you!
You die...

#..........######.#
#..........# #.#
........#..# #.#
#.....<..<## #.#
#.........# #.#
#.........# #.#
#.........# #.#
##.....#### ##.#
#.###.# ##@.# #.#
#.# #{..# #.# #.#
##.## #.# #.# #.#
#.# #.## #.# #.#
#..# #.# ##.# ##.#
#.# ...# #.# #.#
#### #.# #.#


There were no monsters in sight!

Vanquished Creatures
  2 ugly things (D:10)
  Psyche (D:10)
  A komodo dragon (D:10)
  A polar bear (D:10)
  Grinder (D:3)
  A hippogriff (D:7)
  A tarantella (shapeshifter) (D:11)
  Sigmund (D:6)
  3 shadows
  8 yaks
  A vampire mosquito (D:10)
  Menkaure (D:7)
  2 wargs (D:8)
  2 ice beasts
  2 black bears (D:7)
  6 orc warriors
  2 sky beasts
  A phantom (D:7)
  2 necrophages (D:11)
  3 ogres
  A wolf (D:10)
  2 centaurs
  2 big kobolds
  A gnoll sergeant (D:9)
  A wyvern zombie (Ossuary)
  2 bullfrogs
  3 scorpions
  12 killer bees
  3 wights
  An electric eel (D:10)
  2 crimson imps
  4 centaur zombies
  2 howler monkeys (D:11)
  8 bullfrog zombies
  2 quasits
  13 orc priests
  3 bullfrog skeletons
  4 hounds
  7 jellies
  15 mummies (Ossuary)
  4 iguanas
  7 worker ants
  17 orc wizards
  A killer bee zombie (Ossuary)
  A hound zombie (D:10)
  2 hound skeletons (D:11)
  2 worker ant zombies
  5 gnolls
  13 adders
  A hound simulacrum (D:10)
  3 shadow imps
  A white imp (D:10)
  A worker ant simulacrum (D:10)
  An ooze (D:1)
  2 adder zombies (Ossuary)
  3 worms
  13 leopard geckos
  42 orcs
  2 ball pythons
  A giant cockroach (D:3)
  10 goblins
  11 hobgoblins
  6 jackals
  9 quokkas
  18 bats
  4 frilled lizards
  A giant cockroach zombie (Ossuary)
  21 kobolds
  A leopard gecko skeleton (D:4)
  2 leopard gecko zombies
  2 quokka zombies (Ossuary)
  10 rats
  A fungus (D:4)
  A withered plant (Ossuary)
349 creatures vanquished.

Vanquished Creatures (others)
  4 withered plants (D:11)
4 creatures vanquished.

Grand Total: 353 creatures vanquished

Notes
Turn   | Place    | Note
-------+----------+-------------------------------------------
     0 | D:1      | Oravi the Vine Stalker Hunter began the quest for the Orb.
     0 | D:1      | Reached XP level 1. HP: 11/11 MP: 2/2
     2 | D:1      | You fall into a shaft and drop 1 floor!
   146 | D:2      | Reached XP level 2. HP: 14/15 MP: 3/3
   312 | D:2      | Reached XP level 3. HP: 16/18 MP: 4/4
   623 | D:1      | Gained mutation: Your natural rate of healing is unusually
                  | fast. [Vine Stalker growth]
   623 | D:1      | Reached XP level 4. HP: 23/23 MP: 5/5
  1703 | D:3      | Noticed Grinder
  1721 | D:3      | Paralysed by Grinder for 2 turns
  1724 | D:3      | Killed Grinder
  1724 | D:3      | Reached XP level 5. HP: 28/28 MP: 6/6
  1724 | D:3      | Reached XP level 6. HP: 32/32 MP: 7/7
  2692 | D:4      | Noticed RandomHacker's ghost (amateur MiBe)
  2698 | D:4      | Found a runed translucent door.
  2882 | D:4      | Reached skill level 5 in Slings
  2882 | D:4      | Reached XP level 7. HP: 33/37 MP: 8/8
  3297 | D:4      | Found a staircase to the Ecumenical Temple.
  3315 | Temple   | Entered the Ecumenical Temple
  3577 | Temple   | Became a worshipper of Uskayaw the Reveler
  3751 | D:3      | Reached * piety under Uskayaw
  3753 | D:3      | Reached ** piety under Uskayaw
  3758 | D:3      | Reached *** piety under Uskayaw
  3887 | D:4      | Found a runed translucent door.
  3888 | D:4      | Noticed Crazy Yiuf
  4089 | D:4      | Found a staircase to the Ecumenical Temple.
  4113 | D:4      | Found a runed translucent door.
  4437 | D:5      | Entered Level 5 of the Dungeon
  4528 | D:5      | Reached **** piety under Uskayaw
  4766 | D:5      | Reached skill level 1 in Short Blades
  4766 | D:5      | Reached skill level 1 in Invocations
  5011 | D:5      | Gained mutation: You have razor-sharp teeth. [Vine Stalker
                  | growth]
  5011 | D:5      | Reached XP level 8. HP: 39/42 MP: 9/9
  5518 | D:6      | Reached ***** piety under Uskayaw
  5596 | D:6      | Noticed Sigmund
  5749 | D:6      | Reached skill level 1 in Armour
  6173 | D:6      | Got a colourful robe
  6434 | D:6      | Killed Sigmund
  6523 | D:7      | Found a sand-covered staircase.
  6530 | Ossuary  | Entered an ossuary
  6605 | Ossuary  | Reached XP level 9. HP: 46/46 MP: 12/12
  6632 | Ossuary  | Reached skill level 5 in Stealth
  6988 | Ossuary  | Reached skill level 5 in Fighting
  7214 | D:7      | Noticed Menkaure
  7254 | D:7      | Killed Menkaure
  7522 | D:7      | Found a bloodstained altar of Trog.
  8361 | D:7      | Reached skill level 5 in Invocations
  8804 | D:8      | Reached XP level 10. HP: 51/51 MP: 14/14
  8939 | D:8      | Noticed a two-headed ogre
  9290 | D:8      | Found a stormy altar of Qazlal.
  9518 | D:8      | Found a staircase to the Lair.
  9667 | D:8      | Reached skill level 5 in Short Blades
 11323 | D:10     | Entered Level 10 of the Dungeon
 11365 | D:10     | Noticed a red ugly thing
 11851 | D:10     | Noticed Psyche
 11858 | D:10     | Killed Psyche
 11858 | D:10     | Reached XP level 11. HP: 56/56 MP: 17/17
 12119 | D:10     | Noticed a purple ugly thing
 13038 | D:10     | Killed a red ugly thing
 13053 | D:10     | Reached ****** piety under Uskayaw
 13055 | D:10     | Killed a purple ugly thing
 13802 | D:10     | HP: 1/58 [something/vampiric draining (10)]
 13803 | D:10     | Mangled by a vampire

Levels and vault maps discovered:
D:1:      ebering_trefoil_twist, layout_loops_ring
D:2:      layout_loops_cross
D:3:      minmay_thinvault, layout_rooms, minmay_mini_jars, uniq_grinder
D:4:      layout_loops_ring, minmay_temple_entry_grid,
          hellmonk_ghost_happy_afterlife, cheibrodos_gnoll_hut,
          uniq_crazy_yiuf_cottage
D:5:      layout_gridville, first_ration, chequers_decorated_corner
D:6:      layout_loops_ring, uniq_sigmund
D:7:      layout_basic, trog_ov_bears_minmay, nicolae_ossuary_entry_monument,
          chequers_serial_rivers_large_a, kennysheep_crisscross, uniq_menkaure
D:8:      layout_loops_cross, erik_lair_orcish_takeover, basic_altar,
          chequers_hall_statues_wall_a
D:9:      layout_basic
D:10:     minmay_cut_squares, layout_loops_ring, serial_ice, serial_ice_b,
          serial_ice_d, serial_ice_c, serial_ice_i, uniq_psyche
D:11:     layout_basic, david_orc_4, serial_undead, serial_undead_b,
          serial_undead_d, serial_undead_c, serial_undead_b, serial_undead_b
Temple:   nicolae_temple_the_god_donut

Skill      XL: |  1  2  3  4  5  6  7  8  9 10 11 |
---------------+----------------------------------+-----
Fighting       | 2 3 4 5 6 7 |  7.0
Stealth        | 2 3 4 6 7 8 |  8.0
Slings         | 4 5 6 |  6.4
Shields        | 2 3 4 |  4.0
Short Blades   | 1 3 4 6 7 |  7.8
Invocations    | 1 3 5 7 8 |  8.6
Armour         | 1 2 3 |  3.0
Dodging        | 2 3 |  3.4

Action                   |  1- 3 |  4- 6 |  7- 9 | 10-12 || total
-------------------------+-------+-------+-------+-------++-------
Melee: Short sword       |    19 |     5 |   191 |       ||   215
       Bite              |     5 |     1 |    98 |   161 ||   265
       Dagger            |       |       |   117 |   380 ||   497
       Quick blade       |       |       |       |    76 ||    76
 Fire: Hunting sling     |    74 |   276 |   479 |   229 ||  1058
Throw: Dart              |       |       |    19 |    19 ||    38
Invok: Stomp             |       |       |     1 |     1 ||     2
       Grand Finale      |       |       |       |     1 ||     1
Evoke: Wand              |       |       |       |    15 ||    15
  Use: Scroll            |       |       |    11 |    12 ||    23
       Potion            |       |       |       |     1 ||     1
 Stab: Paralysed         |       |       |     7 |    19 ||    26
       Sleeping          |       |       |     2 |    14 ||    16
       Distracted        |       |       |       |     1 ||     1
  Eat: Chunk             |       |     5 |    12 |    17 ||    34
       Ration            |       |       |     2 |       ||     2
Armor: Ring mail         |    15 |    44 |    36 |       ||    95
       Leather armour    |       |       |    66 |    95 ||   161
Dodge: Dodged            |    27 |    68 |   149 |   159 ||   403
Block: Buckler           |       |     9 |    69 |    77 ||   155
